 Dungeon Crawl Stone Soup version 0.24.0-37-gcf1ca852f1 (webtiles) character file.

Game seed: 8936439074220615426, levelgen mode: deterministic

573 Ponchio the Digger (level 7, -1/36 HPs)
             Began as a Gargoyle Earth Elementalist on Nov 21, 2019.
             Was a Follower of Vehumet.
             Slain by an ogre
             ... wielding a +0 giant spiked club
              (13 damage)
             ... on level 4 of the Dungeon.
             The game lasted 00:26:31 (4200 turns).

Ponchio the Digger (Gargoyle Earth Elementalist)    Turns: 4200, Time: 00:26:32

Health: -1/36      AC:  7    Str: 11    XL:     7   Next: 34%
Magic:  8/13       EV: 12    Int: 18    God:    Vehumet [*.....]
Gold:   243        SH:  0    Dex: 10    Spells: 0/15 levels left

rFire    . . .     SeeInvis .   g - +1 dagger (venom)
rCold    + . .     Gourm    .   (no shield)
rNeg     + . .     Faith    .   c - +1 robe
rPois    ∞         Spirit   .   (no helmet)
rElec    +         Reflect  .   (no cloak)
rCorr    .         Harm     .   (no gloves)
MR       .....                  (no boots)
Stlth    ++........             (no amulet)
HPRegen  0.12/turn              v - ring of protection from cold
MPRegen  0.13/turn              (no ring)

@: no status effects
A: mutation resistance 1, negative energy resistance 1, electricity resistance,
unbreathing, petrification resistance, rot immunity, AC +4
a: Renounce Religion


You were on level 4 of the Dungeon.
You worshipped Vehumet.
Vehumet was aware of your devotion.
You were not hungry.

You visited 1 branch of the dungeon, and saw 5 of its levels.

You collected 243 gold pieces.

Inventory:

Hand Weapons
 g - a +1 dagger of venom (weapon)
 r - a +1 dagger of draining
Missiles
 b - 15 stones (quivered)
Armour
 c - a +1 robe (worn)
Jewellery
 v - a ring of protection from cold (left hand)
Wands
 m - a wand of polymorph (9)
Scrolls
 a - 2 scrolls of blinking
 e - a scroll of fog
 f - a scroll of teleportation
 h - 3 scrolls of remove curse
 o - 3 scrolls of amnesia
Potions
 i - a potion of haste {unknown}
 l - a potion of flight
 p - a potion of resistance {unknown}
 s - 2 potions of curing
 t - a potion of agility {unknown}
Comestibles
 d - 9 rations


   Skills:
 - Level 1.5 Dodging
 - Level 2.1 Stealth
 - Level 4.6 Spellcasting
 + Level 4.3 Transmutations
 - Level 4.9 Earth Magic


You couldn't memorise any spells.
You knew the following spells:

 Your Spells              Type           Power        Failure   Level  Hunger
a - Sandblast             Erth           ###...       1%          1    None
b - Passwall              Tmut/Erth      ###.....     3%          2    #......
c - Stone Arrow           Conj/Erth      ##....       16%         3    ###....
d - Petrify               Tmut/Erth      ###.....     21%         4    ####...
e - Lee's Rapid Deconstr  Erth           ###.......   45%         5    ######.

Your spell library contained the following spells:

 Spells                   Type           Power        Failure   Level  Hunger
 Magic Dart               Conj           #...         14%         1    None


Dungeon Overview and Level Annotations

Branches:
Dungeon (5/15)
 Temple: D:4-7

Altars:
Nemelex Xobeh
Qazlal
Vehumet
Zin


Innate Abilities, Weirdness & Mutations

You are resistant to torment.
Your stone body is resilient. (AC +4)
You are immune to poison.
You resist negative energy. (rN+)
You are resistant to electric shocks. (rElec)
You can survive without breathing.
You are immune to petrification.
You are immune to rotting.
You are somewhat resistant to further mutation.


Message History

The orc wizard gestures wildly while chanting.
The orc wizard seems to speed up.
You climb upwards.
There is a stone staircase leading down here.
Casting: Sandblast (safe; 1% risk of failure)
Confirm with . or Enter, or press ? or * to list all spells.
Aiming: Petrify (slightly dangerous; 21% risk of failure)
Press: ? - help, Shift-Dir - straight line, f - ogre
Aim: an ogre, wielding a +0 giant spiked club (chance to defeat MR: 50%)
The ogre resists with significant effort.
Casting: Petrify (slightly dangerous; 21% risk of failure)
Confirm with . or Enter, or press ? or * to list all spells.
Aiming: Sandblast (safe; 1% risk of failure)
Press: ? - help, Shift-Dir - straight line, f/p - ogre
Aim: an ogre, wielding a +0 giant spiked club The blast of sand hits the ogre!
The ogre is heavily wounded.
b - 15 stones The ogre hits you with a +0 giant spiked club!
You die...

.........#.........#
..................##
..................#
.............##...# ###
#..##.......###..####.#
......#.....###...#...###
......#......###........#
.................[......# #####
................@......## #...##
..#..............O..(..# #....##
..##............#......#####...#.
#............##.#.......#........
..#..#...........................
.###.#........#..................
##...........##........#.......#.
......).#>.............#.......#.
#.#....##.....#.!..#######......#


You could see an ogre.

Vanquished Creatures
  An ice beast (D:4)
  2 ogres
  An orc wizard (D:5)
  A hound (D:4)
  An orc priest (D:3)
  3 worker ants
  3 adders
  2 oozes
  2 dart slugs (D:2)
  5 leopard geckos
  9 orcs
  3 giant cockroaches
  8 goblins
  12 hobgoblins
  10 jackals (D:2)
  6 kobolds
  5 quokkas
  12 bats
  4 frilled lizards
  A leopard gecko skeleton (D:4)
  15 rats
106 creatures vanquished.

Notes
Turn   | Place    | Note
-------+----------+-------------------------------------------
     0 | D:1      | Ponchio the Gargoyle Earth Elementalist began the quest for
                  | the Orb.
     0 | D:1      | Reached XP level 1. HP: 10/10 MP: 3/3
   162 | D:1      | Reached XP level 2. HP: 15/15 MP: 0/5
   572 | D:1      | Reached XP level 3. HP: 19/19 MP: 4/7
  1493 | D:2      | Learned a level 2 spell: Passwall
  1497 | D:2      | Learned a level 3 spell: Stone Arrow
  1656 | D:2      | Reached XP level 4. HP: 24/24 MP: 6/9
  2014 | D:2      | Found a radiant altar of Vehumet.
  2018 | D:2      | Became a worshipper of Vehumet
  2335 | D:3      | Found a stormy altar of Qazlal.
  2340 | D:3      | Reached XP level 5. HP: 28/28 MP: 6/11
  2515 | D:3      | Learned a level 4 spell: Petrify
  2794 | D:3      | Gained mutation: You are clumsy. (Dex -2) [potion of
                  | mutation]
  2794 | D:3      | Gained mutation: Your muscles are strong. (Str +2) [potion
                  | of mutation]
  2794 | D:3      | Gained mutation: You have an increased reservoir of magic.
                  | (+10% MP) [potion of mutation]
  2795 | D:3      | Lost mutation: You are clumsy. (Dex -2) [potion of
                  | mutation]
  2795 | D:3      | Lost mutation: Your muscles are strong. (Str +2) [potion of
                  | mutation]
  2795 | D:3      | Lost mutation: You have an increased reservoir of magic.
                  | (+10% MP) [potion of mutation]
  2795 | D:3      | Gained mutation: You are somewhat resistant to further
                  | mutation. [potion of mutation]
  2940 | D:4      | Reached * piety under Vehumet
  2940 | D:4      | Offered knowledge of Magic Dart by Vehumet.
  2940 | D:4      | Reached skill level 1 in Transmutations
  2956 | D:4      | Noticed an ogre
  3163 | D:4      | Reached XP level 6. HP: 32/32 MP: 3/12
  3603 | D:4      | Found a sparkling altar of Nemelex Xobeh.
  3796 | D:5      | Entered Level 5 of the Dungeon
  3799 | D:5      | Reached XP level 7. HP: 36/36 MP: 9/13
  4122 | D:4      | Learned a level 5 spell: Lee's Rapid Deconstruction
  4181 | D:5      | Found a glowing silver altar of Zin.
  4200 | D:4      | Slain by an ogre

Levels and vault maps discovered:
D:1:      dpeg_arrival_windows_large_door, layout_loops_corners
D:2:      layout_rooms, marbit_many_paths, minmay_rat_gold_closets
D:3:      layout_basic, lemuel_doored_altar
D:4:      layout_cave_pools, nemelex_dance_club_becter
D:5:      layout_rooms, first_ration, gammafunk_ghost_necromancy, basic_altar

Skill      XL: |  1  2  3  4  5  6  7 |
---------------+----------------------+-----
Spellcasting   | 3 4 |  4.6
Earth Magic    | 4 |  4.9
Transmutations | 1 3 4 |  4.3
Dodging        | |  1.5
Stealth        | |  2.1

Action                   |  1- 3 |  4- 6 |  7- 9 || total
-------------------------+-------+-------+-------++-------
Melee: Dagger            |     1 |    62 |    12 ||    75
 Cast: Sandblast         |    62 |    83 |    10 ||   155
       Stone Arrow       |       |     3 |     4 ||     7
       Petrify           |       |       |     1 ||     1
  Use: Scroll            |       |    12 |       ||    12
       Potion            |       |     3 |       ||     3
 Stab: Sleeping          |       |     3 |       ||     3
  Eat: Chunk             |     2 |     6 |       ||     8
       Ration            |       |     1 |       ||     1
Armor: Robe              |     5 |    37 |    10 ||    52
Dodge: Dodged            |    18 |    66 |    10 ||    94
